AoeStats
← LSKingdom9970

Arabia

510331252Analyzed
1v1 RM · 2d ago on Sep 30, 2026· 47m 12s· 2 players
Game mode
Random Map
Map size
Tiny (2 player)
Population
200
Speed
Normal
Resources
Standard
Victory
Conquest
Starting age
Dark Age
Ending age
Imperial Age
RankedLock teamsTeams togetherTeam positionsShared explorationLock speedFull tech treeHidden civsTurbo modeCheats
Victory
Defeat
🇧🇷 Franks · Brazil
1895
+12
🇧🇷 Varangians · Brazil
1796
-12
se7e
6:05 Loom
8:51 Feudal Age
9:35 Double-Bit Axe
19:45 Castle Age
20:17 Fletching
20:57 Bow Saw
21:13 Bodkin Arrow
22:24 Gold Mining
23:46 Husbandry
25:35 Ballistics
26:45 Wheelbarrow
27:08 Padded Archer Armor
30:28 Hand Cart
31:19 Stone Mining
38:21 Imperial Age
37:11 Scale Barding Armor
39:04 Gold Shaft Mining
40:28 Chemistry
39:37 Cavalier
40:39 Chain Barding Armor
41:11 Forging
40:39 Cranequins
42:25 Conscription
43:17 Town Watch
43:42 Heavy Mounted Crossbowman
44:55 Leather Archer Armor
45:17 Iron Casting
44:48 Ordonnance Companies
46:28 Plate Barding Armor
46:39 Paladin
LSKingdom9970
8:01 Loom
9:50 Feudal Age
14:01 Castle Age
13:29 Scale Barding Armor
20:15 Double-Bit Axe
21:11 Horse Collar
22:27 Bloodlines
23:09 Husbandry
24:00 Forging
25:44 Bow Saw
28:44 Chain Barding Armor
31:21 Gold Mining
31:21 Stone Mining
35:40 Wheelbarrow
40:03 Imperial Age
40:14 Fletching
40:56 Scale Mail Armor
40:54 Cavalier
42:38 Plate Barding Armor
42:51 Vendel Legacy
44:18 Herbal Medicine
46:46 Conscription
Connection lost

Rejoining the realm…

Still unreachable

The connection could not be restored.

Session expired

The server has moved on; the page needs a fresh start.